 Dungeon Crawl Stone Soup version 0.31-a0-940-gdaa99269f9 (webtiles) character file.

Game seed: 13444189154652298873

1120 DocEon the Cleaver (level 8, -6/64 HPs)
             Began as a Minotaur Berserker on Oct 20, 2023.
             Was a Priest of Trog.
             Mangled by Prince Ribbit (13 damage)
             ... on level 6 of the Dungeon.
             The game lasted 00:02:31 (4196 turns).

DocEon the Cleaver (Minotaur Berserker)             Turns: 4196, Time: 00:02:32

Health: -6/64      AC: 13    Str: 23    XL:     8   Next: 12%
Magic:  7/7        EV:  7    Int:  4    God:    Trog [***...]
Gold:   282        SH:  0    Dex: 14    Spells: 7/7 levels left

rFire   . . .        a - +0 hand axe (spect)
rCold   + . .        (no shield)
rNeg    . . .        d - +0 plate armour
rPois   .            (helmet restricted)
rElec   .            (no cloak)
rCorr   .            (no gloves)
SInv    .            k - +1 pair of boots {Fly}
Will    ++...        (no amulet) Stlth
                     s - ring of Itannon {rC+ Dex+3}
HPRegen 1.30/turn    (no ring)
MPRegen 0.10/turn

%: no passive effects
@: strong-willed, on berserk cooldown, flying, regenerating, slowed, very slow
A: horns 2, retaliatory headbutt
a: Renounce Religion, Berserk, Trog's Hand


You were on level 6 of the Dungeon.
You worshipped Trog.
Trog was most pleased with you.
You visited 1 branch of the dungeon, and saw 6 of its levels.

You collected 282 gold pieces.

Inventory:

Hand Weapons
 a - a +0 spectral hand axe (weapon)
Missiles
 t - 3 throwing nets
Armour
 d - a +0 plate armour (worn)
 k - a +1 pair of boots of flying (worn)
Jewellery
 s - the ring of Itannon (left hand) {rC+ Dex+3}
   (You found it on level 5 of the Dungeon)

   [ring of protection from cold]

   Dex+3:     It affects your dexterity (+3).
   rC+:       It protects you from cold.
Wands
 p - a wand of paralysis (9)
Scrolls
 b - 2 scrolls of noise
 e - a scroll of fog
 l - a scroll of enchant weapon {unknown}
 n - a scroll of identify
 r - a scroll of blinking
Potions
 c - a potion of attraction
 f - a potion of might
 g - 3 potions of degeneration {unknown}
 h - a potion of brilliance
 i - a potion of ambrosia
 j - 2 potions of heal wounds
 m - a potion of lignification {unknown}
 o - 2 potions of haste
 q - a potion of curing {unknown}


   Skills:
 - Level 3.6 Fighting
 * Level 12.0 Axes
 - Level 2.4 Armour
 - Level 2.1 Dodging


You had 7 spell levels left.
You didn't know any spells.
Your spell library was empty.

Dungeon Overview and Level Annotations

Branches:
Dungeon (6/15)             Temple (0/1) D:4

Altars:
Makhleb
Nemelex Xobeh
Trog

Annotations:
D:6 Prince Ribbit


Innate Abilities, Weirdness & Mutations

You have a pair of horns on your head.
You reflexively headbutt those who attack you in melee.


Message History

The howler monkey zombie hits you but does no damage.
The howler monkey zombie attacks as it pursues you!
The howler monkey zombie hits you.
* * * LOW HITPOINT WARNING * * *
You hit the phantom.
You destroy the phantom!
Trog accepts your kill.
You slash the howler monkey zombie! You slash the withered plant!
The withered plant begins to crumble.
Your +0 spectral hand axe hits the withered plant.
Your +0 spectral hand axe hits the withered plant!
The withered plant begins to crumble.
Your +0 spectral hand axe barely misses the howler monkey zombie.
Your +0 spectral hand axe completely misses Prince Ribbit.
You barely miss Prince Ribbit.
Prince Ribbit is lightly wounded.
You hit the withered plant. You hit the howler monkey zombie.
Your +0 spectral hand axe hits the howler monkey zombie.
Your +0 spectral hand axe hits the withered plant!
Your +0 spectral hand axe hits the howler monkey zombie.
The howler monkey zombie closely misses you.
You closely miss Prince Ribbit.
Prince Ribbit is lightly wounded.
You hit the withered plant. You slash the howler monkey zombie!
You destroy the howler monkey zombie!
Trog accepts your kill.
Your +0 spectral hand axe closely misses Prince Ribbit.
Your +0 spectral hand axe hits the withered plant!
Prince Ribbit hits you!
* * * LOW HITPOINT WARNING * * *
Your Axes skill increases to level 12!
You hit Prince Ribbit.
Prince Ribbit is lightly wounded.
You hit the withered plant.
Your +0 spectral hand axe closely misses Prince Ribbit.
Your +0 spectral hand axe hits the withered plant!
You are no longer berserk.
You are exhausted.
You feel yourself slow down. Prince Ribbit hits you!
You die...

.###.## .#
#......#.#
#......#.#.. .##
#........#.# ).#
###........ .#...#
#.......P.# .#...#
#8..8....P# ......
#..8....(@##....#
#P.P$..<).F..##.##.
#.....)))..?.......
#.....(..).........
#........###.#.....
#........# .# ....
########.. .# ...
..# ## .. $.# .


You could see Prince Ribbit and a friendly +0 spectral hand axe.

Vanquished Creatures
  Sigmund (D:4)
  A steam dragon (D:5)
  An ogre (D:5)
  A phantom (D:6)
  A wyvern skeleton (D:6)
  A howler monkey (D:5)
  A bullfrog zombie (D:6)
  3 hounds
  2 jellies (D:5)
  2 gnoll boudas
  2 sleepcaps
  3 orc wizards (D:5)
  A howler monkey zombie (D:6)
  8 gnolls
  7 adders
  4 worms
  A dart slug (D:2)
  5 orcs
  4 ball pythons
  5 bats
  11 endoplasms
  3 giant cockroaches
  6 goblins
  3 hobgoblins
  2 jackals (D:2)
  4 quokkas
  4 frilled lizards
  5 kobolds
  6 rats
98 creatures vanquished.

Notes
Turn   | Place    | Note
-------+----------+-------------------------------------------
     0 | D:1      | DocEon the Minotaur Berserker began the quest for the Orb.
     0 | D:1      | Reached XP level 1. HP: 19/19 MP: 0/0
   201 | D:1      | Found a faded altar of an unknown god.
   269 | D:1      | Reached skill level 4 in Axes
   340 | D:1      | Reached XP level 2. HP: 26/26 MP: 1/1
  1083 | D:2      | Reached skill level 5 in Axes
  1083 | D:2      | Reached XP level 3. HP: 31/31 MP: 2/2
  1409 | D:2      | Reached ** piety under Trog
  1742 | D:3      | Found a sparkling altar of Nemelex Xobeh.
  1822 | D:3      | Reached skill level 6 in Axes
  1822 | D:3      | Reached XP level 4. HP: 39/39 MP: 3/3
  2044 | D:3      | Found a burning altar of Makhleb.
  2577 | D:4      | Reached skill level 7 in Axes
  2577 | D:4      | Reached XP level 5. HP: 45/45 MP: 4/4
  2701 | D:4      | Found a staircase to the Ecumenical Temple.
  2779 | D:4      | Noticed Sigmund
  2807 | D:4      | Killed Sigmund
  2808 | D:4      | Reached skill level 8 in Axes
  2808 | D:4      | Reached XP level 6. HP: 38/51 MP: 5/5
  3019 | D:4      | Found a bloodstained altar of Trog.
  3497 | D:5      | Entered Level 5 of the Dungeon
  3529 | D:5      | Reached skill level 9 in Axes
  3530 | D:5      | Noticed a steam dragon
  3541 | D:5      | Killed a steam dragon
  3542 | D:5      | Reached XP level 7. HP: 57/57 MP: 6/6
  3651 | D:5      | Reached skill level 10 in Axes
  3763 | D:5      | Identified the ring of Itannon {rC+ Dex+3}
  3842 | D:5      | Reached skill level 11 in Axes
  4178 | D:6      | Reached *** piety under Trog
  4181 | D:6      | Reached XP level 8. HP: 51/64 MP: 7/7
  4181 | D:6      | Noticed Prince Ribbit
  4196 | D:6      | Reached skill level 12 in Axes
  4196 | D:6      | Mangled by Prince Ribbit

Illustrated notes

Levels and vault maps discovered:
D:1:      elethiomel_arrival_fortress_basement, layout_basic,
          hellmonk_ecumenical_altar_heavens_door, kennysheep_another_room
D:2:      layout_loops_ring
D:3:      layout_loops_cross, mainiacjoe_overflow_brackets,
          mainiacjoe_overflow_tiny_flanked
D:4:      layout_loops_cross, nicolae_overflow_crystal_walls,
          minmay_temple_entry_fiery, roderic_roman_lattice, uniq_sigmund
D:5:      layout_basic
D:6:      layout_basic, serial_undead, serial_undead_b, serial_undead_c,
          serial_undead_e, serial_undead_d, serial_undead_d, serial_undead_d,
          serial_undead_c, hex_tiny, uniq_blork_the_orc, uniq_eustachio,
          uniq_prince_ribbit1

Skill      XL: |  1  2  3  4  5  6  7  8 |
---------------+-------------------------+-----
Axes           | 4 5 6 7 8 9 11 12 | 12.0
Fighting       | |  3.6
Armour         | |  2.4
Dodging        | |  2.1

Action                     |  1- 3 |  4- 6 |  7- 9 || total
---------------------------+-------+-------+-------++-------
  Melee: Hand axe          |    88 |    96 |    97 ||   281
         Headbutt          |    14 |    17 |    14 ||    45
         Punch             |       |       |     1 ||     1
 Invoke: Trog's Hand       |       |     1 |     1 ||     2
         Berserk           |       |     1 |     1 ||     2
    Use: Scroll            |       |    15 |       ||    15
 Armour: Animal skin       |     7 |       |       ||     7
         Plate armour      |    56 |    62 |    72 ||   190
  Dodge: Dodged            |    31 |    36 |    18 ||    85

Table legend: (Time is in decaauts)
 A = Elapsed time spent in this place.
 B = Non-inter-level travel time spent in this place.
 C = Inter-level travel time spent in this place.
 D = Time resting spent in this place.
 E = Time spent auto-exploring this place.
 F = Levels seen in this place.
 G = Mean time per level.
                   A        B        C        D        E       F      G
               +--------+--------+--------+--------+--------+-----+--------+
         Total |   4175 |   3950 |    225 |    190 |   3119 |   6 |  695.8 |
       Dungeon |   4175 |   3950 |    225 |    190 |   3119 |   6 |  695.8 |
               +--------+--------+--------+--------+--------+-----+--------+

Top non-repeatable levels by time:
     D:1: 1082 daAuts
     D:4: 1075 daAuts
     D:3: 675 daAuts
     D:2: 663 daAuts
     D:5: 660 daAuts
     D:6: 18 daAuts
